 Dungeon Crawl Stone Soup version 0.30.0-29-ga12c61a403 (webtiles) character file.

Game seed: 12020665414436831400

75859 GimliDwarf the Stormcaller (level 15, -3/76 HPs)
             Began as a Tengu Air Elementalist on June 5, 2023.
             Was a High Priest of Sif Muna.
             Slain by a redback simulacrum (24 damage)
             ... on level 1 of the Spider Nest.
             The game lasted 02:57:19 (43309 turns).

GimliDwarf the Stormcaller (TeAE)                  Turns: 43309, Time: 02:57:20

Health: -3/76      AC: 10    Str:  8    XL:     15   Next: 51%
Magic:  27/34      EV: 19    Int: 22    God:    Sif Muna [*****.]
Gold:   1037       SH:  0    Dex: 22    Spells: 2/42 levels left

rFire   + . .        E - staff of death
rCold   . . .        n - +0 buckler
rNeg    + . .        j - +0 leather armour of Pathos {rPois Dex+2 Slay-4}
rPois   +            Q - +3 crown of Dyrovepreva {rElec Int+2 SInv}
rElec   +            K - +1 cloak
rCorr   .            D - +0 pair of gloves
SInv    +            (boots unavailable)
Will    +....        o - amulet of reflection
Stlth   +            t - +5 ring of evasion
HPRegen 0.32/turn    I - ring of protection from fire
MPRegen 0.24/turn

%: reflection
@: confused, flying quickly and evasively, quick
A: beak, talons 3, nimble flight, agile 1
a: Renounce Religion, Channel Magic, Forget Spell, Divine Exegesis


You were on level 1 of the Spider Nest.
You worshipped Sif Muna.
Sif Muna was extremely pleased with you.
You visited 5 branches of the dungeon, and saw 21 of its levels.
You also visited: Sewer.

You collected 2272 gold pieces.
You spent 1235 gold pieces at shops.

Inventory:

Hand Weapons
 q - a +4 short sword of draining
 J - a +3 long sword
Armour
 j - the +0 leather armour of Pathos (worn) {rPois Dex+2 Slay-4}
   (You took it off a hobgoblin on level 2 of the Dungeon)

   Dex:       It affects your dexterity (+2).
   Slay:      It affects your accuracy & damage with ranged weapons and melee
   (-4).
   rPois:     It protects you from poison.
 n - a +0 buckler (worn)
 C - a +2 robe of willpower
 D - a +0 pair of gloves (worn)
 K - a +1 cloak (worn)
 N - a +0 troll leather armour
 Q - the +3 crown of Dyrovepreva (worn) {rElec Int+2 SInv}
   (You bought it in a shop on level 10 of the Dungeon)

   Int:       It affects your intelligence (+2).
   rElec:     It insulates you from electricity.
   SInv:      It lets you see invisible.
Magical Staves
 A - a staff of fire
 E - a staff of death (weapon)
Jewellery
 c - a ring of positive energy
 o - an amulet of reflection (around neck)
 t - a +5 ring of evasion (left hand)
 y - a ring of fire
 z - a ring of protection from cold
 I - a ring of protection from fire (right hand)
Wands
 k - a wand of quicksilver (10)
 m - a wand of flame (36)
 u - a wand of paralysis (17)
 B - a wand of mindburst (8)
 L - a wand of roots (9)
Scrolls
 f - 4 scrolls of teleportation
 h - 3 scrolls of fear
 l - a scroll of amnesia
 r - 8 scrolls of fog
 F - a scroll of summoning
 H - 3 scrolls of blinking
 M - 2 scrolls of identify
 O - a scroll of poison
Potions
 b - 5 potions of magic
 d - 4 potions of brilliance
 e - 4 potions of haste
 g - 7 potions of curing
 i - 2 potions of lignification
 p - a potion of ambrosia
 v - 4 potions of heal wounds
 w - 3 potions of might
 x - 2 potions of resistance
 G - 2 potions of invisibility
Miscellaneous
 a - a lightning rod (4/4)
 s - a phial of floods (inert)
 P - a piece from Xom's chessboard (15/15)


   Skills:
 - Level 2.6 Fighting
 - Level 2.5 Short Blades
 - Level 5.1 Armour
 - Level 2.1 Dodging
 - Level 2.0 Stealth
 - Level 4.7 Shields
 + Level 14.3 Spellcasting
 + Level 12.4 Conjurations
 + Level 1.9 Hexes
 * Level 9.5 Necromancy
 + Level 3.6 Ice Magic
 + Level 16.3 Air Magic
 - Level 3.8 Poison Magic
 + Level 6.0 Invocations
 * Level 7.1 Evocations


You had 2 spell levels left.
You knew the following spells:

 Your Spells              Type           Power      Damage    Failure   Level
a - Shock                 Conj/Air       100%       1d9       1%          1
b - Anguish               Hex/Necr       28%        N/A       8%          4
c - Airstrike             Air            36%        2d(6-22)  1%          4
d - Agony                 Necr           72%        N/A       4%          5
e - Death Channel         Necr           36%        N/A       24%         6
f - Dispel Undead         Necr           72%        3d24      1%          4
g - Poisonous Vapours     Pois/Air       100%       N/A       1%          2
h - Mephitic Cloud        Conj/Pois/Air  59%        N/A       1%          3
i - Freezing Cloud        Conj/Ice/Air   29%        6-21      2%          5
j - Conjure Ball Lightni  Conj/Air       34%        3x3d11    3%          6

Your spell library contained the following spells:

 Spells                   Type           Power      Damage    Failure   Level
 Kiss of Death            Conj/Necr      100%       2d13      1%          1
 Necrotise                Necr           100%       1d9       1%          1
 Cigotuvi's Dreadful Rot  Necr/Pois/Air  100%       N/A       1%          2
 Momentum Strike          Conj/Tloc      86%        3d10      1%          2
 Static Discharge         Conj/Air       100%       2-7/arc   1%          2
 Sublimation of Blood     Necr           72%        N/A       1%          2
 Passwall                 Tmut/Erth      12%        N/A       12%         2
 Hailstorm                Conj/Ice       50%        3d11      1%          3
 Stone Arrow              Conj/Erth      86%        3d12      1%          3
 Swiftness                Air            72%        N/A       1%          3
 Vampiric Draining        Necr           72%        2d11      1%          3
 Ozocubu's Armour         Ice            31%        N/A       5%          3
 Silence                  Hex/Air        27%        N/A       5%          5
 Irradiate                Conj/Tmut      21%        3d18      17%         5
 Borgnjor's Vile Clutch   Necr/Erth      26%        N/A       30%         5
 Leda's Liquefaction      Hex/Erth       10%        N/A       47%         4
 Maxwell's Capacitive Co  Air            36%        ∞         54%         8
 Metabolic Englaciation   Hex/Ice        14%        N/A       56%         5
 Petrify                  Tmut/Erth      15%        N/A       61%         4
 Simulacrum               Ice/Necr       30%        N/A       63%         6
 Iron Shot                Conj/Erth      21%        9d5       67%         6
 Alistair's Intoxication  Tmut/Pois      16%        N/A       69%         5
 Yara's Violent Unravell  Hex/Tmut       10%        3d6       83%         5
 Eringya's Noxious Bog    Tmut/Pois      12%        N/A       99%         6
 Borgnjor's Revivificati  Necr           36%        N/A       100%        8
 Infestation              Necr           36%        N/A       100%        8
 Death's Door             Necr           36%        N/A       100%        9


Dungeon Overview and Level Annotations

Branches:
Dungeon (12/15)            Temple (1/1) D:7            Lair (5/5) D:11
  Swamp (0/4) Lair:2       Spider (1/4) Lair:3        Slime (0/5) Lair:4
    Orc (2/2) D:11            Elf (0/3) Orc:2         Sewer (visited)

Altars:
Ashenzari
Cheibriados
Dithmenos
Elyvilon
Fedhas
Gozag
Hepliaklqana
Kikubaaqudgha
Makhleb
Nemelex Xobeh
Okawaru
Qazlal
Ru
Sif Muna
Trog
Uskayaw
Vehumet
Wu Jian
Xom
Yredelemnul
Zin
The Shining One
Jiyva

Shops:
D:1 (:??=   D:10 [   Orc:1 (   Orc:2 (([?(

Annotations:
D:12 Frances; Jorgrun


Innate Abilities, Weirdness & Mutations

You have a beak for a mouth.
You have claws for feet.
Your magical nature lets you fly swiftly and evasively.
You are agile. (Dex +4, Str/Int -1)


Message History

Okay, then.
Aiming: Throw Flame
Press: ? - help, Shift-Dir - straight line, f - redback simulacrum
Aim: a redback simulacrum (84% to hit)
The puff of flame hits the redback simulacrum!
The redback simulacrum melts!
The redback simulacrum is moderately damaged.
The redback simulacrum barely misses you.
Hit: E) staff of death
Press: ? - help, Dir - move target, f/p - redback simulacrum
Aim: a redback simulacrum (moderately damaged, about 27% to evade your staff of death)
Okay, then.
Aiming: Throw Flame
Press: ? - help, Shift-Dir - straight line, f/p - redback simulacrum
Aim: a redback simulacrum (moderately damaged, 84% to hit)
The puff of flame misses the redback simulacrum.
The tarantella attacks as you move away!
The tarantella touches you!
The tarantella attacks as you move away!
You block the tarantella's attack. x2
You see here a shapeshifter skeleton.
The tarantella attacks as you move away!
The tarantella touches you. You block the tarantella's attack.
The tarantella attacks as you move away!
The tarantella closely misses you.
The tarantella attacks as you move away!
The tarantella misses you. The tarantella completely misses you.
The tarantella attacks as you move away!
The tarantella touches you!
You are confused.
The tarantella attacks as you move away!
The tarantella barely misses you.
You bump into the rock wall.
The tarantella misses you. The tarantella touches you!
The redback simulacrum barely misses you.
You bump into the rock wall.
The tarantella closely misses you. The redback simulacrum bites you!
* * * LOW HITPOINT WARNING * * *
The redback simulacrum freezes you!!
You die...

~##.#...#..#.###......#.......##.
#......#..#.#####....#..÷.##..~.
#≈.#####..#.#..#..###^#......###
### #...>.##...............#...#
##..####....##....##...##..#
#.......##.#..#..######.#..#
#≈#.##.....###...#.....####.
##.....#..##Z....#..##......
###.^.#~~#@s..#^#......#.#.
#.#.†####..##......###...##
#<....# #..#...#.#...#.#~≈#
#^.#.#####.##..#.#..##..###
#....###.......#......####
####..##..#.####..#.....≈##
######..##≈...##..#...#.
###≈#~##..#...##....
#~~#≈#....#.#..#....


You could see a tarantella and a redback simulacrum.

Vanquished Creatures
  Gastronok (D:11)
  The ghost of cheesebisquit the Brawler, a journeyman TrFi of Wu Jian (Orc:1)
  An ettin (Orc:2)
  The ghost of nroviw the Grappler, a journeyman HOMo of Gozag (D:10)
  3 hydras
  4 catoblepae
  A jorogumo (Spider:1)
  An anaconda (shapeshifter) (Spider:1)
  8 death yaks (Lair:5)
  2 two-headed ogres (D:11)
  A tengu warrior (D:11)
  2 boulder beetles
  4 orc high priests (Orc:2)
  The ghost of joshe the Thaumaturge, a journeyman DECj of Hepliaklqana (Lair:1)
  Urug (Orc:2)
  A pharaoh ant (Spider:1)
  2 orb spiders (Spider:1)
  A steelbarb worm (Spider:1)
  An orc knight (Orc:1)
  A deep elf pyromancer (D:11)
  6 wolf spiders (Spider:1)
  An ugly thing (D:11)
  3 orc sorcerers
  2 manticores (Lair:5)
  Maurice (Orc:1)
  4 cyclopes (D:11)
  21 elephants
  2 gargoyles (D:10)
  3 black mambas
  3 torpor snails
  9 komodo dragons
  3 unseen horrors
  3 cane toads
  5 kobold demonologists
  2 rime drakes
  7 trolls
  A wind drake (shapeshifter) (D:9)
  A tarantella (shapeshifter) (D:9)
  Grinder (D:6)
  9 blink frogs
  4 culicivoras
  3 dream sheep (Lair:5)
  5 jumping spiders (Spider:1)
  Sigmund (D:4)
  3 shadows
  6 wraiths
  2 wyverns
  64 yaks
  2 vampires (D:11)
  Grum (D:10)
  9 redbacks (Spider:1)
  A basilisk (Lair:2)
  A steam dragon (D:7)
  A warg (Orc:2)
  Edmund (D:4)
  A vampire mosquito (D:11)
  An acid dragon (D:11)
  24 water moccasins
  A meliai simulacrum (D:11)
  3 sky beasts
  2 black bears
  22 orc warriors
  An ice beast (D:6)
  7 ogres
  32 wolves
  4 centaurs
  5 kobold brigands
  4 bullfrogs
  A gnoll sergeant (D:11)
  4 scorpions
  14 wights
  7 killer bees
  An electric eel (Lair:2)
  5 howler monkeys
  3 hounds
  10 jellies
  2 gnoll boudas
  24 orc priests
  3 sleepcaps
  3 iguanas
  17 orc wizards
  13 gnolls
  11 adders
  2 river rats (Sewer)
  A shadow imp (D:6)
  2 white imps (D:5)
  An ufetubus (D:7)
  5 worms
  A dart slug (D:3)
  61 orcs
  16 endoplasms
  8 giant cockroaches
  4 goblins
  11 hobgoblins
  7 quokkas
  8 ball pythons
  4 bats
  9 frilled lizards
  27 kobolds
  4 rats
625 creatures vanquished.

Vanquished Creatures (others)
  23 ball lightnings
23 creatures vanquished.

Grand Total: 648 creatures vanquished

Notes
Turn   | Place    | Note
-------+----------+-------------------------------------------
     0 | D:1      | GimliDwarf the Tengu Air Elementalist began the quest for
                  | the Orb.
     0 | D:1      | Reached XP level 1. HP: 10/10 MP: 4/4
   121 | D:1      | Found Noijir's Magic Scroll Shop.
   435 | D:1      | Reached XP level 2. HP: 15/15 MP: 3/6
   466 | D:1      | Learned a level 2 spell: Static Discharge
   769 | D:1      | Found Kurchiryll's Jewellery Shop.
   884 | D:1      | Found Cylobb's Book Boutique.
   936 | D:1      | Found Zeamutt's Antique Weapon Shop.
  1066 | D:1      | Reached XP level 3. HP: 19/19 MP: 4/7
  1129 | D:1      | Found Gipastomu's Magic Scroll Shoppe.
  1610 | D:2      | Identified the +0 leather armour of Pathos {rPois Dex+2
                  | Slay-4}
  1973 | D:2      | Reached skill level 5 in Air Magic
  2336 | D:1      | Bought a scroll of identify for 24 gold pieces
  2467 | D:1      | Prayed at the altar of an unknown god.
  2467 | D:1      | Became a worshipper of Sif Muna the Loreminder
  2467 | D:1      | Reached * piety under Sif Muna
  2628 | D:3      | Reached XP level 4. HP: 24/24 MP: 0/8
  2768 | D:3      | Found a burning altar of Makhleb.
  3022 | D:3      | Reached skill level 1 in Armour
  3022 | D:3      | Gained mutation: Your magical nature lets you fly swiftly
                  | and evasively. [Tengu growth]
  3022 | D:3      | Reached XP level 5. HP: 18/28 MP: 2/10
  3392 | D:3      | Gained mutation: Your spells are a little harder to cast,
                  | but a little more powerful. [potion of mutation]
  3392 | D:3      | Gained mutation: You are somewhat resistant to further
                  | mutation. [potion of mutation]
  3398 | D:3      | Learned a level 4 spell: Airstrike
  3791 | D:4      | Noticed Sigmund
  4084 | D:4      | Found a shadowy altar of Dithmenos.
  4299 | D:4      | Reached skill level 1 in Shields
  4493 | D:4      | Killed Sigmund
  4493 | D:4      | Reached ** piety under Sif Muna
  4494 | D:4      | Reached skill level 5 in Conjurations
  4494 | D:4      | Reached skill level 6 in Air Magic
  4494 | D:4      | Reached XP level 6. HP: 33/33 MP: 8/11
  4532 | D:4      | Noticed Edmund
  4602 | D:4      | Killed Edmund
  4603 | D:4      | Reached XP level 7. HP: 37/37 MP: 9/13
  4912 | D:5      | Entered Level 5 of the Dungeon
  5005 | D:1      | Bought a scroll of magic mapping for 90 gold pieces
  5158 | D:5      | Found a glowing drain.
  5224 | Sewer    | Entered a sewer
  5705 | Sewer    | Found a viscous altar of Jiyva.
  6090 | D:5      | Reached skill level 7 in Air Magic
  6138 | D:5      | Reached *** piety under Sif Muna
  6267 | D:5      | Reached XP level 8. HP: 42/42 MP: 8/14
  7348 | D:6      | Found a sacrificial altar of Ru.
  7351 | D:6      | Noticed Grinder
  7996 | D:6      | Paralysed by Grinder for 5 turns
  8002 | D:6      | Killed Grinder
  8003 | D:6      | Reached skill level 8 in Air Magic
  8098 | D:6      | Reached skill level 5 in Spellcasting
  8098 | D:6      | Reached XP level 9. HP: 46/46 MP: 11/17
  8320 | D:7      | Found a glowing golden altar of the Shining One.
  8815 | D:7      | Reached **** piety under Sif Muna
  9086 | D:7      | Found an ornate altar of the Wu Jian Council.
  9109 | D:7      | Found a staircase to the Ecumenical Temple.
  9120 | Temple   | Entered the Ecumenical Temple
  9323 | D:7      | Reached skill level 9 in Air Magic
  9656 | D:7      | Noticed a kobold demonologist
  9657 | D:7      | Noticed a kobold demonologist
  9665 | D:7      | Killed a kobold demonologist
  9672 | D:7      | Noticed an ice devil
  9673 | D:7      | Noticed an ice devil
  9678 | D:7      | Noticed an ice devil
  9678 | D:7      | Killed a kobold demonologist
  9679 | D:7      | Reached skill level 5 in Armour
 10132 | D:1      | Bought a scroll of noise for 14 gold pieces
 10132 | D:1      | Bought a scroll of blinking for 105 gold pieces
 10132 | D:1      | Bought a scroll of identify for 28 gold pieces
 10557 | D:8      | Reached skill level 1 in Evocations
 10625 | D:8      | Reached XP level 10. HP: 47/51 MP: 10/20
 10629 | D:8      | Reached skill level 1 in Invocations
 10837 | D:8      | Reached skill level 10 in Air Magic
 11806 | D:8      | Reached skill level 1 in Necromancy
 13189 | D:9      | Found an iron altar of Okawaru.
 13676 | D:9      | Found a blossoming altar of Fedhas.
 13793 | D:10     | Entered Level 10 of the Dungeon
 13921 | D:10     | Reached skill level 11 in Air Magic
 13991 | D:10     | Noticed an orc sorcerer
 13997 | D:10     | Killed an orc sorcerer
 14058 | D:10     | Found Hoguy's Armour Shop.
 14151 | D:10     | Reached XP level 11. HP: 55/55 MP: 17/23
 14203 | D:10     | Reached ***** piety under Sif Muna
 14219 | D:10     | Received a gift from Sif Muna
 14220 | D:10     | Got Sif Muna's Enchiridion on the Scintillating Anticline
                  | {god gift}
 14352 | D:10     | Noticed Grum
 14427 | D:10     | Learned a level 1 spell: Kiss of Death
 14431 | D:10     | Learned a level 3 spell: Stone Arrow
 14436 | D:10     | Learned a level 4 spell: Dispel Undead
 14442 | D:10     | Killed Grum
 14443 | D:10     | Reached skill level 10 in Conjurations
 14959 | D:10     | Found a white marble altar of Elyvilon.
 14996 | D:10     | Found a runed translucent door.
 14996 | D:10     | Noticed nroviw's ghost (journeyman HOMo)
 15528 | D:11     | Found a staircase to the Orcish Mines.
 15560 | D:11     | Noticed a two-headed ogre
 15578 | D:11     | Killed a two-headed ogre
 15846 | D:11     | Noticed a cyclops
 16017 | D:11     | Killed a cyclops
 16082 | D:11     | Noticed a brown ugly thing
 16443 | D:10     | Reached skill level 12 in Air Magic
 16660 | D:11     | Killed a brown ugly thing
 17107 | D:11     | Noticed a two-headed ogre
 17123 | D:11     | Killed a two-headed ogre
 17741 | D:11     | Noticed a tengu warrior
 17853 | D:10     | Reached XP level 12. HP: 42/60 MP: 10/25
 18033 | D:11     | Reached skill level 5 in Evocations
 18104 | D:11     | Noticed a four-headed hydra
 18357 | D:10     | Reached skill level 5 in Necromancy
 18689 | D:10     | Reached skill level 13 in Air Magic
 19631 | D:11     | Killed a tengu warrior
 19757 | D:11     | Noticed Gastronok
 20066 | D:11     | Reached skill level 5 in Invocations
 20458 | D:11     | Found a staircase to the Lair.
 20470 | D:11     | Killed Gastronok
 20471 | D:11     | Reached skill level 10 in Spellcasting
 20999 | D:12     | Noticed Jorgrun
 21578 | D:12     | Noticed Frances
 21761 | Lair:1   | Entered Level 1 of the Lair of Beasts
 21763 | Lair:1   | Identified the +0 robe of Defiance {Rampage Dex+2}
 23298 | D:11     | Reached XP level 13. HP: 64/64 MP: 13/28
 23503 | Lair:1   | Found a runed translucent door.
 23508 | Lair:1   | Noticed joshe's ghost (journeyman DECj)
 24038 | Lair:1   | Killed joshe's ghost
 24214 | D:10     | Killed nroviw's ghost
 24907 | Lair:2   | Found a staircase to the Swamp.
 25329 | Lair:2   | Learned a level 2 spell: Poisonous Vapours
 25333 | Lair:2   | Learned a level 3 spell: Mephitic Cloud
 25339 | Lair:2   | Learned a level 5 spell: Freezing Cloud
 26189 | Lair:2   | Received a gift from Sif Muna
 26190 | Lair:2   | Reached skill level 1 in Poison Magic
 26190 | Lair:2   | Got Sif Muna's Vademecum on the Rotting Volley {god gift}
 26258 | Lair:2   | Learned a level 6 spell: Conjure Ball Lightning
 26812 | Lair:2   | Reached skill level 1 in Ice Magic
 27096 | Lair:3   | Found a hole to the Spider Nest.
 27770 | Lair:3   | Reached skill level 14 in Air Magic
 29037 | Lair:4   | Found a staircase to the Slime Pits.
 29344 | Lair:3   | Lost mutation: Your spells are a little harder to cast, but
                  | a little more powerful. [potion of mutation]
 29344 | Lair:3   | Lost mutation: You are somewhat resistant to further
                  | mutation. [potion of mutation]
 29344 | Lair:3   | Gained mutation: You are agile. (Dex +4, Str/Int -1)
                  | [potion of mutation]
 29857 | Lair:4   | Found a viscous altar of Jiyva.
 30775 | Lair:5   | Entered Level 5 of the Lair of Beasts
 30959 | Lair:4   | Reached XP level 14. HP: 51/68 MP: 1/31
 32412 | Lair:5   | Learned a level 5 spell: Agony
 33069 | Lair:5   | Reached skill level 15 in Air Magic
 34547 | Lair:5   | HP: 2/68 [catoblepas/blast of calcifying dust (3)]
 34863 | Lair:5   | Reached skill level 1 in Fighting
 35127 | Lair:5   | Reached skill level 1 in Short Blades
 35897 | Lair:5   | Received a gift from Sif Muna
 35898 | Lair:5   | Got Sif Muna's Folio of Voltaic Imprecation {god gift}
 36732 | Orc:1    | Entered Level 1 of the Orcish Mines
 36763 | D:10     | Bought the +3 crown of Dyrovepreva {rElec Int+2 SInv} for
                  | 662 gold pieces
 36763 | D:10     | Found the +3 crown of Dyrovepreva {rElec Int+2 SInv}
 37085 | D:1      | Bought a faintly glowing quarterstaff for 207 gold pieces
 37085 | D:1      | Identified the +6 quarterstaff of Causality {drain, Fly rN+
                  | Str+9 Int-4} (You bought it in a shop on level 1 of the
                  | Dungeon)
 37474 | Orc:1    | Found Usouph's Weapon Emporium.
 37748 | Orc:1    | Paralysed by an orc sorcerer for 2 turns
 37800 | Orc:1    | You are sucked into a shaft and drop 1 floor!
 37800 | Orc:2    | Entered Level 2 of the Orcish Mines
 38035 | Orc:2    | Found Gefy's Antique Weapon Emporium.
 38089 | Orc:2    | Noticed Urug
 38097 | Orc:2    | Killed Urug
 38255 | Orc:2    | Reached XP level 15. HP: 76/76 MP: 17/33
 38466 | Orc:2    | Learned a level 6 spell: Death Channel
 38473 | Orc:2    | Learned a level 4 spell: Anguish
 39142 | Orc:2    | Found Awkidiwe's Antique Weapon Shop.
 39142 | Orc:2    | Found Buec's Magic Scroll Shop.
 39143 | Orc:2    | Found Jararr's Weapon Boutique.
 39293 | Orc:2    | Found Jat Pyr's Armour Boutique.
 39393 | Orc:2    | Found a staircase to the Elven Halls.
 39646 | Orc:2    | Reached skill level 1 in Hexes
 40252 | Orc:1    | Noticed Maurice
 40258 | Orc:1    | Killed Maurice
 40386 | Orc:1    | Received a gift from Sif Muna
 40397 | Orc:1    | Got Sif Muna's Elucidation of Sciomancy and Ensorcelling
                  | {god gift}
 40493 | Orc:1    | Found a runed translucent door.
 40493 | Orc:1    | Noticed cheesebisquit's ghost (journeyman TrFi)
 40528 | Orc:1    | Killed cheesebisquit's ghost
 41050 | D:1      | Bought a scroll of blinking for 105 gold pieces
 41451 | Spider:1 | Entered Level 1 of the Spider Nest
 42063 | Spider:1 | Reached skill level 16 in Air Magic
 43309 | Spider:1 | Slain by a redback simulacrum

Illustrated notes

Levels and vault maps discovered:
D:1:      spicycebolla_arrival_ecumenical, layout_loops_corners, serial_shops,
          shop, nicolae_shop_rolled_up, shop, nicolae_square_shop,
          nicolae_shop_stone
D:2:      layout_loops_cross
D:3:      layout_loops_ring, mainiacjoe_overflow_small_starburst
D:4:      layout_loops_corners, nicolae_dithmenos_the_darkroom,
          sigmund_edmund_badplayer
D:5:      layout_loops_cross, gup_sewer_entry_pipe, nicolae_elevator_lobby_plus,
          uniq_sigmund
D:6:      layout_loops_ring, nicolae_ru_sacrificial_ziggurat, uniq_grinder
D:7:      layout_cave_pods, lemuel_round_altar, mainiacjoe_overflow_alcove_4,
          minmay_temple_entry_arrows
D:8:      layout_loops_ring, st_stairs_9, minmay_misc_feat_more_columns
D:9:      layout_basic, hangedman_feature_mirror
D:10:     cheibrodos_wizards_tower, layout_stronghold,
          mainiacjoe_overflow_alcove_2, serial_shops, shop,
          hellmonk_ghost_happy_afterlife, uniq_grum
D:11:     minmay_quarter_circles, layout_cave_pools, lair_entry_dummy,
          hangedman_abyss_or_decor_stagger, uniq_gastronok
D:12:     layout_basic, uniq_jorgrun, uniq_frances
Temple:   kb_temple_of_zot
Lair:1:   layout_cave_pods, ebering_ghost_reflecting_pool
Lair:2:   layout_regular_city, swamp_mist_pool, beast_lair_carwin_7
Lair:3:   layout_loops_ring, nicolae_spider_entry_non_spiders
Lair:4:   layout_gridlike, nicolae_slime_entry_field_trip, serial_bayou_shore_b
Lair:5:   evilmike_catoblepas_cave, layout_cellular_growth,
          grunt_forest_large_clearings, grunt_megastairs_2,
          infiniplex_staircase_pool
Spider:1: layout_spider_delve, hellmonk_deceptive_appearances
Orc:1:    layout_caves, serial_shops, shop, ebering_ghost_inner_flame,
          uniq_maurice
Orc:2:    st_orc_mages, layout_caves, serial_shops, shop, uniq_urug

Skill      XL: |  1  2  3  4  5  6  7  8  9 10 11 12 13 14 15 |
---------------+----------------------------------------------+-----
Conjurations   | 2 3 4 5 6 7 8 9 10 11 12 | 12.4
Air Magic      | 5 6 7 8 9 11 12 13 14 15 16 | 16.3
Armour         | 1 2 4 5 |  5.1
Shields        | 1 2 3 4 |  4.7
Spellcasting   | 3 5 6 7 8 10 12 13 14 | 14.3
Evocations     | 1 3 4 6 7 |  7.1
Invocations    | 3 4 5 6 |  6.0
Necromancy     | 2 4 6 7 8 9 |  9.5
Poison Magic   | 2 3 |  3.8
Ice Magic      | 2 3 |  3.6
Fighting       | 2 |  2.6
Short Blades   | 2 |  2.5
Hexes          | 1 |  1.9
Dodging        | |  2.1
Stealth        | |  2.0

Action                     |  1- 3 |  4- 6 |  7- 9 | 10-12 | 13-15 || total
---------------------------+-------+-------+-------+-------+-------++-------
  Melee: Kick              |     1 |       |     1 |       |    32 ||    34
         Unarmed           |     1 |       |       |       |       ||     1
         Dagger            |     1 |       |       |       |       ||     1
         Short sword       |       |       |     7 |    14 |    35 ||    56
         Peck              |       |       |       |     1 |    17 ||    18
         Staff             |       |       |       |       |    34 ||    34
   Cast: Shock             |   101 |    70 |   222 |   148 |   143 ||   684
         Airstrike         |       |       |    33 |   275 |   452 ||   760
         Static Discharge  |       |       |       |     5 |    11 ||    16
         Kiss of Death     |       |       |       |     1 |       ||     1
         Poisonous Vapours |       |       |       |       |   176 ||   176
         Dispel Undead     |       |       |       |       |    10 ||    10
         Conjure Ball Ligh |       |       |       |       |     9 ||     9
         Mephitic Cloud    |       |       |       |       |    14 ||    14
         Freezing Cloud    |       |       |       |       |     4 ||     4
         Agony             |       |       |       |       |     5 ||     5
         Stone Arrow       |       |       |       |       |     1 ||     1
  Evoke: Wand              |       |     4 |    10 |    16 |    14 ||    44
         Phial of floods   |       |       |       |       |     1 ||     1
    Use: Scroll            |     6 |     4 |    11 |     7 |     7 ||    35
         Potion            |       |     1 |       |     1 |     4 ||     6
   Stab: Confused          |       |       |       |       |     6 ||     6
 Armour: Robe              |     4 |       |     1 |       |       ||     5
         Leather armour    |       |       |     2 |    23 |    33 ||    58
  Dodge: Dodged            |     5 |     5 |    18 |   112 |   144 ||   284
  Block: Other             |       |     2 |     6 |       |       ||     8
         Reflection        |       |       |     2 |    12 |     5 ||    19
         Buckler           |       |       |    11 |    76 |   141 ||   228
